 Dungeon Crawl Stone Soup version 0.22.1-2-g9c5b331 (webtiles) character file.

7650 dvd the Thaumaturge (level 11, -2/65 HPs)
             Began as an Octopode Fire Elementalist on Dec 2, 2018.
             Was a Believer of Vehumet.
             Slain by a spectral orc knight
             ... wielding a cursed -2 war axe
             ... summoned by Nergalle
              (6 damage)
             ... on level 10 of the Dungeon.
             The game lasted 00:34:22 (10606 turns).

dvd the Thaumaturge (Octopode Fire Elementalist)   Turns: 10606, Time: 00:34:23

Health: -2/65      AC:  5    Str:  5 (8)  XL:     11   Next: 18%
Magic:  5/23       EV: 12    Int: 21 (23) God:    Vehumet [**....]
Gold:   595        SH:  6    Dex:  9 (12) Spells: 7/27 levels left

rFire    . . .     SeeInvis .   C - staff of wizardry
rCold    . . .     Gourm    .   E - +3 buckler
rNeg     . . .     Faith    .   (helmet restricted)
rPois    .         Spirit   .   p - amulet of magic regeneration
rElec    .         Reflect  .   h - +2 ring of protection
rCorr    .         Harm     .   l - ring of protection from magic
MR       +....     Clarity  +   (no ring)
Stlth    +++.......             (no ring)
HPRegen  0.20/turn              (no ring)
MPRegen  0.43/turn              (no ring)
                                (no ring)
                                (no ring)

@: heavily drained
A: almost no armour, stealthy swim, amphibious, 8 rings, constrict 8, thin
metallic scales 1, camouflage 1, blurry vision 1, clarity, clever 1, gelatinous
body 1
a: Renounce Religion


You were on level 10 of the Dungeon.
You worshipped Vehumet.
Vehumet was pleased with you.
You were near starving.

You visited 2 branches of the dungeon, and saw 11 of its levels.

You collected 595 gold pieces.

Inventory:

Hand Weapons
 t - a +1 hand axe of flaming
 w - a +0 mace of crushing
 F - the +5 quarterstaff of Judgement {vamp, Dex+4}
   (You found it on level 9 of the Dungeon)

   It inflicts no extra harm, but heals its wielder when it wounds a living foe.
   It affects your dexterity (+4).
 G - a +5 flail of protection
 H - a +0 spear of venom
Armour
 d - a +0 large shield
 E - a +3 buckler (worn)
Magical Staves
 C - an uncursed staff of wizardry (weapon)
Jewellery
 f - a +3 amulet of reflection
 h - a +2 ring of protection (left tentacle)
 l - a ring of protection from magic (right tentacle)
 p - an amulet of magic regeneration (around mantle)
Scrolls
 g - a scroll of teleportation
 k - 3 scrolls of identify
 q - a scroll of magic mapping
 r - 3 scrolls of amnesia
 v - a scroll of blinking
 A - a scroll of random uselessness {unknown}
 B - 4 scrolls of remove curse
 D - 3 scrolls of fear {unknown}
Potions
 a - 2 potions of brilliance {unknown}
 c - a potion of ambrosia {unknown}
 e - a potion of invisibility {unknown}
 i - 3 potions of might {unknown}
 j - a potion of mutation
 m - 2 potions of agility
 n - 8 potions of curing {unknown}
 o - a potion of heal wounds
 s - a potion of berserk rage
Comestibles
 b - 19 rations


   Skills:
 + Level 2.3(0.0) Fighting
   Level 1.1(0.0) Short Blades
 + Level 2.0(0.0) Axes
 + Level 1.1(0.0) Maces & Flails
 + Level 0.5(0.0) Staves
 + Level 3.9(1.2) Dodging
 + Level 4.9(2.1) Stealth
 - Level 4.2(1.5) Shields
 + Level 8.8(5.7) Spellcasting
 + Level 7.8(4.8) Conjurations
 + Level 8.5(5.5) Fire Magic
 + Level 1.9(0.0) Air Magic
 + Level 4.3(1.5) Poison Magic
   Level 0.6(0.0) Evocations


You had 7 spell levels left.
You knew the following spells:

 Your Spells              Type           Power        Failure   Level  Hunger
a - Flame Tongue          Conj/Fire      ####.        1%          1    None
b - Throw Flame           Conj/Fire      ####..       1%          2    None
c - Sticky Flame          Conj/Fire      ####....     6%          4    ####...
d - Olgreb's Toxic Radia  Pois           ##......     26%         4    ####...
e - Fireball              Conj/Fire      ####......   17%         5    #####..
f - Poisonous Vapours     Pois/Air       #.....       6%          2    None
g - Searing Ray           Conj           ####..       1%          2    None

Your spell library contained the following spells:

 Spells                   Type           Power        Failure   Level  Hunger
 Magic Dart               Conj           ####         1%          1    None
 Sting                    Conj/Pois      ###.         1%          1    None
 Conjure Flame            Conj/Fire      ####....     1%          3    ##.....
 Inner Flame              Hex/Fire       ###.....     5%          3    ##.....
 Mephitic Cloud           Conj/Pois/Air  ##......     7%          3    ##.....
 Blink                    Tloc           N/A          9%          2    None
 Call Imp                 Summ           #.......     9%          2    None
 Slow                     Hex            #.......     9%          2    None
 Venom Bolt               Conj/Pois      ###.......   38%         5    #####..


Dungeon Overview and Level Annotations

Branches:
Dungeon (10/15)            Temple (1/1) D:6
   Lair: D:8-11         Orc: D:9-12

Altars:
Ashenzari
Cheibriados
Dithmenos
Elyvilon
Fedhas
Gozag
Hepliaklqana
Kikubaaqudgha
Makhleb
Nemelex Xobeh
Okawaru
Qazlal
Ru
Sif Muna
Trog
Uskayaw
Vehumet
Wu Jian
Xom
Yredelemnul
Zin
The Shining One

Shops:
D:10 (

Annotations:
D:10 Nergalle


Innate Abilities, Weirdness & Mutations

You cannot wear most types of armour.
You are very stealthy in the water. (Stealth+)
You are amphibious.
You can wear up to eight rings at the same time.
You can use your tentacles to constrict eight enemies at once.
Your skin changes colour to match your surroundings (Stealth+).
Your rubbery body absorbs attacks. (AC +1, EV +1)
You are partially covered in thin metallic scales. (AC +2)
Scrolls take you a little longer to read.
You possess an exceptional clarity of mind.
Your mind is acute. (Int +2)


Message History

You block the bullfrog skeleton's attack.
The spectral orc knight barely misses you.
The spectral orc knight barely misses you.
The spectral orc knight hits you with an enchanted war axe!
* * * LOW HITPOINT WARNING * * *
The spectral orc knight hits you but does no damage.
There is an open door here.
Casting: Fireball (quite dangerous; 16% risk of failure)
Confirm with . or Enter, or press ? or * to list all spells.
Aiming: Sticky Flame (safe; 5% risk of failure)
Press: ? - help, Shift-Dir - straight line, f - spectral orc knight
Aim: a spectral orc knight, wielding an enchanted war axe and wearing a plate The sticky flame hits the spectral orc knight.
The spectral orc knight is lightly damaged.
The spectral orc knight hits you with an enchanted war axe!
* * * LOW HITPOINT WARNING * * *
You feel drained.
* * * LOW HITPOINT WARNING * * *
The spectral orc knight hits you with an enchanted war axe.
You die...

.# . .# .. ## .# ## ##### ###
#########.# .# #...# ...
#.......... .# #.#.#
#.#######.......... .# #.#.#
#...'.o##.......... .# #.#.###
###Z##.##.......... .### #.#...#
#.@.##.##..........
...####.###.###.#.##.o.oZ........
.#...##.#.......#.#####..........
.###..#.#########.# #..........
.# ##.#...#.. ..# #.......... .#
#.'.#.#.###.### #######.### .#
###...#.......# #....# ##
###...####### #.#### #####....###
#


You could see a spectral orc knight.

Vanquished Creatures
  Harold (D:7)
  2 two-headed ogres
  A troll (D:9)
  2 wyverns
  3 hogs (D:9)
  A yak (D:9)
  2 hungry ghosts
  A human (D:9)
  A steam dragon (D:9)
  2 insubstantial wisps (D:9)
  4 sky beasts
  5 ogres
  A phantom (D:9)
  2 black bears
  A necrophage (D:8)
  2 ice beasts (D:7)
  2 eyes of draining
  2 centaurs
  3 big kobolds (D:7)
  4 bullfrogs
  A wyvern zombie (D:7)
  A water moccasin skeleton (D:6)
  2 scorpions
  13 killer bees
  3 howler monkeys
  A crimson imp (D:5)
  A centaur zombie (D:7)
  2 jellies (D:7)
  An orc priest (D:5)
  A hound (D:10)
  4 orc wizards
  7 worker ants
  An iguana (D:9)
  A killer bee zombie (D:9)
  Robin (D:2)
  8 gnolls
  2 adders
  2 oozes
  4 worms
  5 dart slugs
  5 leopard geckos
  19 orcs
  3 ball pythons
  5 giant cockroaches
  15 goblins
  20 hobgoblins
  4 jackals (D:1)
  19 kobolds
  4 quokkas
  6 bats
  6 frilled lizards
  A jackal skeleton (D:5)
  A quokka skeleton (D:9)
  A quokka zombie (D:5)
  10 rats
222 creatures vanquished.

Notes
Turn   | Place    | Note
-------+----------+-------------------------------------------
     0 | D:1      | dvd the Octopode Fire Elementalist began the quest for the
                  | Orb.
     0 | D:1      | Reached XP level 1. HP: 11/11 MP: 3/3
   189 | D:1      | Reached XP level 2. HP: 17/17 MP: 3/5
   215 | D:1      | Learned a level 2 spell: Throw Flame
   543 | D:1      | Reached XP level 3. HP: 20/21 MP: 1/6
  1464 | D:2      | Reached XP level 4. HP: 27/27 MP: 4/7
  1675 | D:2      | Reached skill level 1 in Short Blades
  2031 | D:2      | Noticed Robin
  2277 | D:2      | Killed Robin
  2277 | D:2      | Reached XP level 5. HP: 25/32 MP: 0/9
  3506 | D:4      | Learned a level 4 spell: Sticky Flame
  3622 | D:4      | Reached XP level 6. HP: 35/37 MP: 4/11
  3916 | D:4      | Reached skill level 1 in Axes
  3973 | D:4      | Noticed a hungry ghost
  3980 | D:4      | Killed a hungry ghost
  3980 | D:4      | Reached XP level 7. HP: 37/42 MP: 4/12
  4197 | D:4      | Learned a level 1 spell: Magic Dart
  4272 | D:5      | Entered Level 5 of the Dungeon
  4290 | D:5      | Reached skill level 1 in Fighting
  4359 | D:5      | Found a glowing golden altar of the Shining One.
  4835 | D:5      | Learned a level 5 spell: Fireball
  5323 | D:6      | Reached skill level 5 in Fire Magic
  5497 | D:6      | Found a staircase to the Ecumenical Temple.
  5503 | Temple   | Entered the Ecumenical Temple
  5567 | Temple   | Became a worshipper of Vehumet
  5643 | D:6      | Noticed a hungry ghost
  5655 | D:6      | Killed a hungry ghost
  5655 | D:6      | Reached XP level 8. HP: 40/48 MP: 2/15
  5922 | D:6      | Reached skill level 5 in Spellcasting
  6180 | D:7      | Reached skill level 5 in Conjurations
  6461 | D:7      | Learned a level 2 spell: Poisonous Vapours
  6468 | D:7      | Reached XP level 9. HP: 54/54 MP: 7/17
  6678 | D:7      | Noticed Harold
  7242 | D:7      | Killed Harold
  7242 | D:7      | Reached skill level 1 in Air Magic
  7242 | D:7      | Reached skill level 1 in Poison Magic
  7262 | D:7      | Reached * piety under Vehumet
  7262 | D:7      | Offered knowledge of Shock by Vehumet.
  8028 | D:8      | Reached skill level 1 in Shields
  8118 | D:8      | Reached XP level 10. HP: 24/60 MP: 5/20
  8435 | D:8      | Learned a level 4 spell: Olgreb's Toxic Radiance
  9325 | D:9      | Got a pitted quarterstaff
  9333 | D:9      | Identified the +5 quarterstaff of Judgement {vamp, Dex+4}
                  | (You found it on level 9 of the Dungeon)
  9394 | D:9      | Offered knowledge of Searing Ray by Vehumet.
  9422 | D:9      | Reached ** piety under Vehumet
  9515 | D:9      | Learned a level 2 spell: Searing Ray
  9787 | D:9      | Found a bloodstained altar of Trog.
  9787 | D:9      | Found a sacrificial altar of Ru.
  9788 | D:9      | Found a blossoming altar of Fedhas.
  9790 | D:9      | Found a basalt altar of Yredelemnul.
  9792 | D:9      | Found a glowing silver altar of Zin.
  9856 | D:9      | Noticed a two-headed ogre
  9869 | D:9      | Killed a two-headed ogre
 10142 | D:9      | Reached XP level 11. HP: 41/64 MP: 13/23
 10310 | D:10     | Entered Level 10 of the Dungeon
 10361 | D:10     | Noticed a two-headed ogre
 10369 | D:10     | Killed a two-headed ogre
 10369 | D:10     | Reached skill level 1 in Maces & Flails
 10450 | D:10     | Found Isacla Sulle's Antique Weapon Boutique.
 10505 | D:10     | Gained mutation: Your body sometimes deteriorates upon
                  | taking damage. [potion of mutation]
 10505 | D:10     | Gained mutation: Scrolls take you a little longer to read.
                  | [potion of mutation]
 10505 | D:10     | Gained mutation: You possess an exceptional clarity of
                  | mind. [potion of mutation]
 10505 | D:10     | Gained mutation: You are partially covered in thin metallic
                  | scales. (AC +2) [potion of mutation]
 10506 | D:10     | Lost mutation: Your body sometimes deteriorates upon taking
                  | damage. [potion of mutation]
 10506 | D:10     | Gained mutation: Your mind is acute. (Int +2) [potion of
                  | mutation]
 10506 | D:10     | Lost mutation: Your mind is acute. (Int +2) [potion of
                  | mutation]
 10506 | D:10     | Gained mutation: Your mind is acute. (Int +2) [potion of
                  | mutation]
 10573 | D:10     | Noticed Nergalle
 10606 | D:10     | Slain by a spectral orc knight

Skill      XL: |  1  2  3  4  5  6  7  8  9 10 11 |
---------------+----------------------------------+-----
Short Blades   | 1 |  1.1
Stealth        | 3 4 |  4.9
Fire Magic     | 4 5 6 7 8 |  8.5
Spellcasting   | 3 4 5 7 8 |  8.8
Conjurations   | 2 4 5 6 7 |  7.8
Axes           | 1 2 |  2.0
Fighting       | 1 2 |  2.3
Dodging        | 3 |  3.9
Air Magic      | 1 |  1.9
Poison Magic   | 2 3 4 |  4.3
Shields        | 1 3 4 |  4.2
Maces & Flails | 1 |  1.1
Staves         | |  0.5
Evocations     | |  0.6

Action                   |  1- 3 |  4- 6 |  7- 9 | 10-12 || total
-------------------------+-------+-------+-------+-------++-------
Melee: Short sword       |    17 |       |       |       ||    17
       Constrict         |     6 |    12 |     9 |     3 ||    30
       Tentacles         |     5 |     5 |     8 |     2 ||    20
       Mace              |       |    20 |       |       ||    20
       Hand axe          |       |    19 |    18 |       ||    37
       Staff             |       |       |    29 |    12 ||    41
       Flail             |       |       |     2 |     4 ||     6
 Cast: Flame Tongue      |    37 |   107 |    52 |    35 ||   231
       Throw Flame       |     8 |    29 |    48 |     9 ||    94
       Sticky Flame      |       |     1 |    23 |    13 ||    37
       Magic Dart        |       |       |     5 |       ||     5
       Fireball          |       |       |    10 |    26 ||    36
       Poisonous Vapours |       |       |    20 |     3 ||    23
       Olgreb's Toxic Ra |       |       |       |     9 ||     9
       Searing Ray       |       |       |       |     6 ||     6
Evoke: Wand              |       |       |     3 |     3 ||     6
  Use: Scroll            |       |       |     4 |    14 ||    18
       Potion            |       |       |     1 |     7 ||     8
 Stab: Sleeping          |       |     4 |       |       ||     4
  Eat: Chunk             |     2 |    10 |    15 |    15 ||    42
       Ration            |       |       |     2 |       ||     2
Armor: Skin              |     6 |     9 |     5 |     6 ||    26
Dodge: Dodged            |    19 |    47 |    59 |    30 ||   155
Block: Buckler           |       |       |     4 |    23 ||    27
